AoeStats
← GORGORY

Arabia

505005325Analyzed
1v1 RM · 26d ago on Sep 7, 2026· 22m 54s· 2 players
Game mode
Random Map
Map size
Tiny (2 player)
Population
200
Speed
Normal
Resources
Standard
Victory
Conquest
Starting age
Dark Age
Ending age
Imperial Age
RankedLock teamsTeams togetherTeam positionsShared explorationLock speedFull tech treeHidden civsTurbo modeCheats
Victory
Defeat
🇨🇳 Huns · China
1055
+46
🇦🇷 Ethiopians · Argentina
1084
-17
lexidickixm
5:25 Loom
8:33 Feudal Age
9:22 Double-Bit Axe
9:39 Horse Collar
18:23 Castle Age
16:17 Gold Mining
18:56 Fletching
19:06 Padded Archer Armor
20:12 Bodkin Arrow
20:27 Husbandry
21:26 Ballistics
22:30 Wheelbarrow
22:41 Bow Saw
GORGORY
6:11 Loom
9:05 Feudal Age
9:47 Double-Bit Axe
9:44 Horse Collar
15:36 Wheelbarrow
19:50 Castle Age
18:17 Stone Mining
21:35 Town Watch
Connection lost

Rejoining the realm…

Still unreachable

The connection could not be restored.

Session expired

The server has moved on; the page needs a fresh start.